 Dungeon Crawl Stone Soup version 0.21.1-1-g345015f (webtiles) character file.

12376 Falco the Slinger (level 12, -7/127 HPs)
             Began as a Halfling Berserker on May 7, 2018.
             Was an Elder of Trog.
             Mangled by a white ugly thing (12 damage)
             ... on level 12 of the Dungeon.
             The game lasted 01:37:32 (12624 turns).

Falco the Slinger (Halfling Berserker)             Turns: 12624, Time: 01:37:32

Health: -7/127     AC:  7    Str: 25    XL:     12   Next: 19%
Magic:  12/12      EV: 17    Int:  5    God:    Trog [****..]
Gold:   591        SH:  6    Dex: 17    Spells: 11/11 levels left

rFire    . . .     SeeInvis +   a - +1 dagger (speed)
rCold    . . .     Gourm    .   H - +0 buckler
rNeg     . . .     Faith    .   q - +0 steam dragon scales
rPois    .         Spirit   .   (no helmet)
rElec    .         Reflect  .   (no cloak)
rCorr    .         Harm     .   (no gloves)
MR       .....                  (no boots)
Stlth    ..........             x - amulet of regeneration
HPRegen  0.71/turn              I - ring of see invisible (curse)
MPRegen  0.13/turn              (no ring)

@: berserking, lethally poisoned (-7 -> -10), very quick
A: small, mutation resistance 1
a: Berserk, Trog's Hand, Brothers in Arms, Burn Spellbooks, Renounce Religion


You were on level 12 of the Dungeon.
You worshipped Trog.
Trog was greatly pleased with you.
You were not hungry.

You visited 1 branch of the dungeon, and saw 12 of its levels.
You also visited: Ice Cave.

You collected 711 gold pieces.
You spent 120 gold pieces at shops.

Inventory:

Hand Weapons
 a - a +1 dagger of speed (weapon)
 b - a +1 hunting sling of freezing
 o - a +0 short sword of electrocution
 A - a +0 blowgun
 K - a +0 fustibalus
 L - a +0 blowgun
 W - a +0 dagger of speed
Missiles
 j - 104 poisoned needles
 U - 2 sling bullets
Armour
 q - +0 steam dragon scales (worn)
 C - a +0 troll leather armour
 H - a +0 buckler (worn)
 R - a +0 plate armour
 X - a +2 robe of positive energy
Magical Staves
 Z - an uncursed staff of fire {unknown}
Jewellery
 x - an amulet of regeneration (around neck)
 I - a cursed ring of see invisible (left hand)
Wands
 i - a wand of paralysis (46)
 y - a wand of iceblast (8)
 B - a wand of clouds (4)
 F - a wand of polymorph (43)
 M - a wand of disintegration (5)
 O - a wand of flame (25)
 Q - a wand of digging (16)
Scrolls
 e - 3 scrolls of amnesia {unknown}
 f - 2 scrolls of immolation {unknown}
 l - 2 scrolls of fear {unknown}
 p - a scroll of teleportation
 r - a scroll of random uselessness {unknown}
 s - 5 scrolls of remove curse {unknown}
 E - 3 scrolls of magic mapping {unknown}
 G - 4 scrolls of enchant armour {unknown}
 N - a scroll of fog {unknown}
 P - 2 scrolls of noise {unknown}
 S - 2 scrolls of blinking {unknown}
Potions
 c - 2 potions of berserk rage {unknown}
 g - a potion of invisibility
 n - a potion of mutation {unknown}
 t - 2 potions of flight
 u - 3 potions of curing
 v - a potion of agility {unknown}
 w - a potion of cancellation {unknown}
 z - a potion of resistance
 D - a potion of haste
 T - 2 potions of brilliance {unknown}
 V - a potion of ambrosia {unknown}
Miscellaneous
 k - a crystal ball of energy
 m - a lamp of fire
Comestibles
 d - 4 chunks of flesh


   Skills:
 + Level 9.0 Fighting
 + Level 10.5 Short Blades
 + Level 13.1 Slings
 + Level 9.5 Armour
 + Level 4.8 Dodging
 + Level 1.8 Stealth
 + Level 4.1 Shields


You had 11 spell levels left.
You didn't know any spells.

Dungeon Overview and Level Annotations

Branches:
Dungeon (12/15)            Temple (0/1) D:6            Lair (0/6) D:8
    Orc (0/2) D:10

Altars:
Ashenzari
Elyvilon
Fedhas
Hepliaklqana
Kikubaaqudgha
Makhleb
Nemelex Xobeh
Okawaru
Qazlal
Sif Muna
Trog
Uskayaw
Wu Jian
Yredelemnul

Shops:
D:4 :[}[%   D:10 (


Innate Abilities, Weirdness & Mutations

You are small and have problems with some larger weapons.
You are somewhat resistant to further mutation.


Message History

You feel sick.
You closely miss the white ugly thing.
The white ugly thing is moderately wounded.
You hit the white ugly thing.
The white ugly thing is heavily wounded.
The white ugly thing closely misses you.
You are too berserk!
You puncture the white ugly thing!
The white ugly thing is heavily wounded.
You feel sick.
You puncture the white ugly thing!
The white ugly thing is severely wounded.
You barely miss the white ugly thing.
The white ugly thing is severely wounded.
You puncture the white ugly thing!
The white ugly thing is almost dead.
You feel sick. The white ugly thing stings you!
* * * LOW HITPOINT WARNING * * *
The white ugly thing freezes you!
You die...

### #. #.# #.# #.# #.#
#.# . #.#
....##########.########
....'Tu@...............
.(((##########.########
( #.# #.# #.# #.# #.#
#.# #####'#####


You could see a white ugly thing and a troll.

Vanquished Creatures
  2 hydras
  2 two-headed ogres
  2 skeletal warriors (D:12)
  Pikel (D:7)
  An ugly thing (D:12)
  The ghost of frimble the Chopper, a novice DDFi (D:4)
  A cyclops (D:12)
  The ghost of Silentouch the Slasher, a novice DrMo of Vehumet (D:5)
  Joseph (D:7)
  2 kobold demonologists
  2 rime drakes (D:11)
  2 trolls
  2 hippogriffs
  A hornet (D:12)
  A wyvern (D:10)
  A wraith (D:10)
  2 water elementals (D:11)
  Menkaure (D:5)
  Duvessa (D:7)
  2 orc warriors (D:7)
  2 ice beasts
  The ghost of Mavenl the Shield-Bearer, an amateur GnFi (D:3)
  3 black bears
  3 sky beasts
  4 ogres
  A centaur (D:10)
  A crocodile (D:6)
  3 big kobolds
  A bullfrog (D:8)
  Dowan (D:7)
  2 scorpions
  5 wights (D:6)
  7 electric eels (D:11)
  A howler monkey (D:6)
  A crimson imp (D:9)
  3 bullfrog zombies
  2 quasits
  4 hounds
  A centaur skeleton (D:4)
  3 jellies
  4 orc priests
  A bullfrog skeleton (D:7)
  2 iguanas
  5 orc wizards
  6 worker ants
  4 hound skeletons
  A worker ant zombie (D:8)
  15 adders
  4 gnolls (D:11)
  4 shadow imps
  2 oozes (D:5)
  An adder zombie (D:8)
  3 worms
  2 dart slugs
  6 leopard geckos
  21 orcs
  10 giant cockroaches
  8 goblins
  10 hobgoblins
  13 jackals
  3 quokkas
  A ball python (D:2)
  6 bats
  3 frilled lizards
  A jackal skeleton (D:5)
  A jackal zombie (D:5)
  17 kobolds
  A quokka zombie (D:8)
  10 rats
243 creatures vanquished.

Vanquished Creatures (collateral kills)
  A skeletal warrior (D:12)
  A steam dragon (D:11)
  An ice beast (D:11)
  An electric eel (D:11)
  2 hounds (D:9)
  A worker ant (D:9)
  An orc (D:9)
8 creatures vanquished.

Grand Total: 251 creatures vanquished

Notes
Turn   | Place    | Note
-------+----------+-------------------------------------------
     0 | D:1      | Falco the Halfling Berserker began the quest for the Orb.
     0 | D:1      | Reached XP level 1. HP: 15/15 MP: 1/1
   181 | D:1      | Reached XP level 2. HP: 20/20 MP: 2/2
   438 | D:1      | Reached XP level 3. HP: 26/26 MP: 3/3
   993 | D:2      | Reached ** piety under Trog
  1224 | D:2      | Found a white marble altar of Elyvilon.
  1320 | D:2      | Found a burning altar of Makhleb.
  1382 | D:2      | Reached XP level 4. HP: 30/31 MP: 4/4
  1576 | D:2      | Found a basalt altar of Yredelemnul.
  1903 | D:2      | Reached skill level 1 in Slings
  1990 | D:3      | Reached skill level 2 in Slings
  1990 | D:3      | Reached XP level 5. HP: 36/36 MP: 5/5
  2120 | D:3      | Noticed Mavenl's ghost (amateur GnFi)
  2177 | D:3      | Killed Mavenl's ghost
  2177 | D:3      | Reached skill level 5 in Short Blades
  2177 | D:3      | Reached skill level 3 in Slings
  2177 | D:3      | Reached XP level 6. HP: 22/42 MP: 6/6
  3226 | D:4      | Reached skill level 4 in Slings
  3309 | D:4      | Found Quff's Food Shoppe.
  3498 | D:4      | Found an iron altar of Okawaru.
  3502 | D:4      | Found an ornate altar of the Wu Jian Council.
  3574 | D:4      | Noticed frimble's ghost (novice DDFi)
  3600 | D:4      | Killed frimble's ghost
  3600 | D:4      | Reached skill level 5 in Slings
  3600 | D:4      | Reached XP level 7. HP: 41/48 MP: 7/7
  3649 | D:4      | Noticed a dagger
  3650 | D:4      | Found a hide-covered altar of Uskayaw.
  3650 | D:4      | Noticed a dagger
  3736 | D:4      | Found Zootsyif's Armour Shop.
  3823 | D:4      | Found Inuenlie's Armour Shoppe.
  3835 | D:4      | Found Puixyx's Book Shop.
  3870 | D:4      | Reached *** piety under Trog
  3978 | D:4      | Found Pemuegh's Gadget Boutique.
  4089 | D:4      | Reached XP level 8. HP: 23/54 MP: 8/8
  4492 | D:5      | Entered Level 5 of the Dungeon
  4554 | D:5      | Noticed Silentouch's ghost (novice DrMo)
  4579 | D:5      | Killed Silentouch's ghost
  4579 | D:5      | Reached skill level 6 in Slings
  4579 | D:5      | Reached skill level 5 in Armour
  4669 | D:5      | Noticed Menkaure
  4842 | D:5      | Reached skill level 7 in Slings
  4899 | D:5      | Identified the Volume of Harmful Toxins
  4932 | D:5      | Killed Menkaure
  5024 | D:5      | Reached XP level 9. HP: 58/59 MP: 9/9
  5232 | D:6      | Found a sparkling altar of Nemelex Xobeh.
  5235 | D:6      | Found a deep blue altar of Sif Muna.
  5277 | D:6      | Reached skill level 8 in Slings
  5310 | D:6      | Found a staircase to the Ecumenical Temple.
  5363 | D:6      | Found a bloodstained altar of Trog.
  5556 | D:6      | Reached **** piety under Trog
  5556 | D:6      | Reached skill level 9 in Slings
  5579 | D:6      | Reached skill level 5 in Fighting
  6220 | D:7      | Noticed Joseph
  6255 | D:7      | Noticed Dowan
  6259 | D:7      | Noticed Duvessa
  6273 | D:7      | Killed Duvessa
  6276 | D:7      | Killed Dowan
  6404 | D:7      | Reached skill level 1 in Shields
  6537 | D:7      | Found a shattered altar of Ashenzari.
  6580 | D:7      | Killed Joseph
  6731 | D:7      | Noticed Pikel
  6770 | D:7      | Killed Pikel
  6770 | D:7      | Reached skill level 10 in Slings
  6770 | D:7      | Reached XP level 10. HP: 45/68 MP: 10/10
  7017 | D:7      | HP: 2/103 [orc warrior/flail of crushing (5)]
  7144 | D:7      | Found a hazy altar of Hepliaklqana.
  7390 | D:7      | Found a stormy altar of Qazlal.
  7680 | D:8      | Found a staircase to the Lair.
  7820 | D:8      | Received a gift from Trog
  7898 | D:8      | Found an ancient bone altar of Kikubaaqudgha.
  7915 | D:8      | Found a blossoming altar of Fedhas.
  8444 | D:9      | Noticed a six-headed hydra
  8453 | D:9      | Killed a six-headed hydra
  8480 | D:9      | Reached skill level 11 in Slings
  9041 | D:9      | Found a white marble altar of Elyvilon.
  9324 | D:9      | Found a deep blue altar of Sif Muna.
  9501 | D:10     | Entered Level 10 of the Dungeon
  9556 | D:10     | Noticed a two-headed ogre
  9574 | D:10     | Killed a two-headed ogre
  9683 | D:10     | Found Naunwof's Weapon Shop.
  9731 | D:10     | Reached XP level 11. HP: 44/75 MP: 11/11
  9831 | D:10     | Reached skill level 10 in Short Blades
  9854 | D:10     | Found a staircase to the Orcish Mines.
 10400 | D:10     | Noticed a soul eater
 10573 | D:4      | Bought a ration for 60 gold pieces
 10698 | D:4      | Bought a ration for 60 gold pieces
 10866 | D:11     | Found a frozen archway.
 10970 | IceCv    | Entered an ice cave
 10970 | IceCv    | Noticed a white ugly thing
 11139 | D:11     | Reached skill level 12 in Slings
 11504 | D:11     | Reached skill level 1 in Stealth
 11926 | D:12     | Noticed a two-headed ogre
 11942 | D:12     | Killed a two-headed ogre
 12033 | D:12     | Noticed a skeletal warrior
 12037 | D:12     | Noticed a skeletal warrior
 12058 | D:12     | Killed a skeletal warrior
 12062 | D:12     | Noticed a skeletal warrior
 12084 | D:12     | Killed a skeletal warrior
 12108 | D:12     | Killed a skeletal warrior
 12313 | D:12     | Noticed a seven-headed hydra
 12327 | D:12     | Killed a seven-headed hydra
 12327 | D:12     | Reached XP level 12. HP: 65/84 MP: 12/12
 12419 | D:12     | Paralysed by a hornet for 3 turns
 12548 | D:12     | Reached skill level 13 in Slings
 12601 | D:12     | Received a gift from Trog
 12624 | D:12     | HP: 5/127 [white ugly thing (13)]
 12624 | D:12     | Mangled by a white ugly thing

Skill      XL: |  1  2  3  4  5  6  7  8  9 10 11 12 |
---------------+-------------------------------------+-----
Short Blades   | 4 5 6 7 8 9 10 | 10.5
Fighting       | 3 4 6 7 8 9 |  9.0
Slings         | 2 3 5 7 10 11 12 13 | 13.1
Armour         | 3 4 5 7 8 9 |  9.5
Dodging        | 3 4 |  4.8
Shields        | 1 2 3 4 |  4.1
Stealth        | 1 |  1.8

Action                   |  1- 3 |  4- 6 |  7- 9 | 10-12 || total
-------------------------+-------+-------+-------+-------++-------
Melee: Short sword       |   138 |   127 |   421 |    82 ||   768
       Dagger            |       |       |       |   617 ||   617
 Fire: Hunting sling     |     6 |    55 |   115 |   251 ||   427
Invok: Berserk           |     2 |     2 |     7 |    13 ||    24
       Burn Spellbooks   |     1 |       |     2 |     2 ||     5
       Trog's Hand       |       |       |     3 |     5 ||     8
       Brothers in Arms  |       |       |       |     3 ||     3
  Use: Scroll            |     2 |     3 |     3 |     5 ||    13
       Potion            |       |       |     1 |     5 ||     6
 Stab: Sleeping          |     1 |       |       |       ||     1
  Eat: Ration            |     1 |     2 |     3 |     6 ||    12
       Chunk             |       |       |     9 |    14 ||    23
Armor: Animal skin       |     4 |       |       |       ||     4
       Chain mail        |    56 |    35 |    85 |       ||   176
       Plate armour      |       |       |    31 |   127 ||   158
       Steam dragon scal |       |       |       |    12 ||    12
Dodge: Dodged            |    75 |    47 |   162 |   159 ||   443
Block: Buckler           |       |       |    28 |    77 ||   105
